 Dungeon Crawl Stone Soup version 0.30.1-4-g462c640d31 (webtiles) character file.

Game seed: 841182371747101397

1010 Terracrafty the Skirmisher (level 8, -4/62 HPs)
             Began as a Minotaur Hunter on Sept 9, 2023.
             Was a Believer of Qazlal.
             Slain by a steam dragon (7 damage)
             ... on level 6 of the Dungeon.
             The game lasted 00:16:49 (4184 turns).

Terracrafty the Skirmisher (Minotaur Hunter)        Turns: 4184, Time: 00:16:50

Health: -4/62      AC:  7    Str: 16    XL:     8   Next: 1%
Magic:  7/7        EV: 12    Int:  6    God:    Qazlal [**....]
Gold:   261        SH:  7    Dex: 16    Spells: 7/7 levels left

rFire   . . .        a - +0 shortbow
rCold   . . .        (shield currently unavailable)
rNeg    . . .        z - +0 scale mail
rPois   .            (helmet restricted)
rElec   .            (no cloak)
rCorr   .            (no gloves)
SInv    .            (no boots)
Will    .....        s - amulet of reflection Stlth
                     (no ring)
HPRegen 0.30/turn    (no ring)
MPRegen 0.10/turn

%: reflection
@: about to teleport
A: horns 2, retaliatory headbutt
a: Renounce Religion, Upheaval


You were on level 6 of the Dungeon.
You worshipped Qazlal.
Qazlal was pleased with you.
You visited 1 branch of the dungeon, and saw 6 of its levels.

You collected 261 gold pieces.

Inventory:

Hand Weapons
 a - a +0 shortbow (weapon)
Missiles
 w - 5 poisoned darts
Armour
 c - a +0 leather armour
 i - a +0 robe of resistance
 z - a +0 scale mail (worn)
Jewellery
 s - an amulet of reflection (around neck)
Wands
 t - a wand of roots (3)
 y - a wand of polymorph (5)
 D - a wand of paralysis (11)
Scrolls
 b - a scroll of enchant armour {unknown}
 e - 2 scrolls of amnesia
 g - a scroll of fear {unknown}
 h - a scroll of silence {unknown}
 j - a scroll of teleportation
 k - a scroll of poison {unknown}
 q - a scroll of vulnerability
 v - a scroll of fog
 x - a scroll of torment {unknown}
 B - a scroll of identify {unknown}
 C - a scroll of blinking {unknown}
Potions
 d - 2 potions of flight
 f - a potion of ambrosia {unknown}
 l - a potion of invisibility {unknown}
 n - a potion of lignification {unknown}
 o - a potion of magic
 p - 2 potions of degeneration {unknown}
 r - a potion of brilliance {unknown}
 u - a potion of heal wounds {unknown}
 A - a potion of mutation {unknown}


   Skills:
 + Level 2.8 Fighting
 - Level 8.0 Ranged Weapons
 + Level 5.3 Armour
 - Level 6.0 Dodging
 - Level 0.7 Stealth


You had 7 spell levels left.
You didn't know any spells.
Your spell library contained the following spells:

 Spells                   Type           Power      Damage    Failure   Level
 Blink                    Tloc           0%         N/A       94%         2
 Lesser Beckoning         Tloc           0%         N/A       94%         2
 Momentum Strike          Conj/Tloc      0%         3d8       94%         2


Dungeon Overview and Level Annotations

Branches:
Dungeon (6/15)             Temple (0/1) D:5

Altars:
Gozag
Qazlal
Sif Muna
Lugonu

Shops:
D:6 *

Portals:
Abyss: D:1

Annotations:
D:1 2 runed translucent doors
D:4 3 runed translucent doors, Onni's ghost, amateur TrFi; Sensen's ghost, amateur TeAE


Innate Abilities, Weirdness & Mutations

You have a pair of horns on your head.
You reflexively headbutt those who attack you in melee.


Message History

You block the steam dragon's attack. The steam dragon misses you.
Fire: a) +0 shortbow
Press: ? - help, Q - select action, (/) - cycle Shift-Dir - straight line, f/p - steam dragon
Aim: a steam dragon (heavily wounded, 65% to hit)
You shoot an arrow.
The arrow hits the steam dragon but does no damage.
The steam dragon is heavily wounded.
The steam dragon breathes steam at you. The ball of steam hits you!
Fire: a) +0 shortbow
Press: ? - help, Q - select action, (/) - cycle Shift-Dir - straight line, f/p - steam dragon
Aim: a steam dragon (heavily wounded, catching its breath, 65% to hit)
You shoot an arrow.
The arrow completely misses the steam dragon.
The steam dragon barely misses you.
The steam dragon claws you but does no damage.
Fire: a) +0 shortbow
Press: ? - help, Q - select action, (/) - cycle Shift-Dir - straight line, f/p - steam dragon
Aim: a steam dragon (heavily wounded, catching its breath, 65% to hit)
You shoot an arrow.
The arrow hits the steam dragon but does no damage.
The steam dragon is heavily wounded.
The steam dragon bites you. You block the steam dragon's attack. x2
The steam dragon claws you but does no damage.
Fire: a) +0 shortbow
Press: ? - help, Q - select action, (/) - cycle Shift-Dir - straight line, f/p - steam dragon
Aim: a steam dragon (heavily wounded, 65% to hit)
You shoot an arrow. The arrow hits the steam dragon.
The steam dragon is heavily wounded.
The steam dragon breathes steam at you. The ball of steam hits you!!
* * * LOW HITPOINT WARNING * * *
Fire: a) +0 shortbow
Press: ? - help, Q - select action, (/) - cycle Shift-Dir - straight line, f/p - steam dragon
Aim: a steam dragon (heavily wounded, 65% to hit)
Okay, then.
Okay, then.
As you read the scroll of teleportation, it crumbles to dust.
You feel strangely unstable. The steam dragon bites you!
You die...

...#######.#. ..
................. ...
................. ....
....(........... ....###
##.........[.....
......##..#.............
.................<.....
#.####.D.............#...
#......§@...............#
......≈≈.§≈...####.####.#
...##.≈...§.#.##..†..##.#
$ #.≈._.≈.#.#....(..#.#
#≈≈...≈≈#.#.......#..
#≈.....≈#....._......
#≈.⌠.⌠.≈#.#[.[)...#.#
#≈..∩..≈#.#.......#.>
#≈.⌠.⌠.≈..##.....##..


You could see a steam dragon.

Vanquished Creatures
  A water moccasin (D:4)
  A black bear (D:5)
  An ogre (D:4)
  2 centaurs
  A gnoll sergeant (D:5)
  2 scorpions
  A hound (D:6)
  2 iguanas
  2 orc wizards (D:5)
  Robin (D:3)
  4 gnolls (D:5)
  3 adders
  A white imp (D:6)
  An ufetubus (D:5)
  3 worms
  A dart slug (D:1)
  11 orcs
  11 ball pythons
  6 endoplasms
  A giant cockroach (D:1)
  15 goblins
  13 hobgoblins
  7 kobolds
  2 quokkas
  6 bats
  2 frilled lizards
  3 rats
104 creatures vanquished.

Vanquished Creatures (others)
  A bullfrog (D:6)
1 creature vanquished.

Grand Total: 105 creatures vanquished

Notes
Turn   | Place    | Note
-------+----------+-------------------------------------------
     0 | D:1      | Terracrafty the Minotaur Hunter began the quest for the
                  | Orb.
     0 | D:1      | Reached XP level 1. HP: 18/18 MP: 0/0
    46 | D:1      | Found a large runed translucent door.
    46 | D:1      | Found a large runed translucent door.
    47 | D:1      | Noticed an iron imp
    49 | D:1      | Noticed a crimson imp
    49 | D:1      | Found a one-way gate to the infinite horrors of the Abyss.
    49 | D:1      | Found a corrupted altar of Lugonu.
    49 | D:1      | Noticed a crimson imp
    49 | D:1      | Noticed a quasit
    50 | D:1      | Noticed an iron imp
    50 | D:1      | Noticed an iron imp
    50 | D:1      | Noticed a crimson imp
    71 | D:1      | Reached XP level 2. HP: 25/25 MP: 1/1
   169 | D:1      | Reached skill level 5 in Ranged Weapons
   792 | D:2      | Found a stormy altar of Qazlal.
   811 | D:2      | Reached XP level 3. HP: 29/30 MP: 2/2
   817 | D:2      | Became a worshipper of Qazlal Stormbringer
   969 | D:2      | Found a faded altar of an unknown god.
  1327 | D:3      | Reached skill level 6 in Ranged Weapons
  1476 | D:3      | Found a stormy altar of Qazlal.
  1618 | D:3      | Noticed Robin
  1629 | D:3      | Reached * piety under Qazlal
  1649 | D:3      | Reached XP level 4. HP: 37/37 MP: 3/3
  1660 | D:3      | Killed Robin
  1853 | D:4      | Noticed a water moccasin
  1866 | D:4      | Killed a water moccasin
  1867 | D:4      | Reached skill level 7 in Ranged Weapons
  1867 | D:4      | Reached XP level 5. HP: 18/42 MP: 4/4
  2140 | D:4      | Found a runed translucent gate.
  2140 | D:4      | Found a runed translucent gate.
  2140 | D:4      | Found a runed translucent gate.
  2142 | D:4      | Noticed Onni's ghost (amateur TrFi)
  2142 | D:4      | Noticed Sensen's ghost (amateur TeAE)
  2317 | D:4      | Reached ** piety under Qazlal
  2356 | D:4      | Noticed an ogre
  2374 | D:4      | Killed an ogre
  2375 | D:4      | Reached skill level 8 in Ranged Weapons
  2375 | D:4      | Reached XP level 6. HP: 23/50 MP: 5/5
  2937 | D:5      | Entered Level 5 of the Dungeon
  2987 | D:5      | Reached skill level 1 in Armour
  3058 | D:5      | Reached XP level 7. HP: 24/56 MP: 6/6
  3270 | D:5      | Reached skill level 5 in Dodging
  3653 | D:5      | Found a staircase to the Ecumenical Temple.
  4090 | D:6      | Found a shimmering blue altar of Sif Muna.
  4103 | D:6      | Reached skill level 5 in Armour
  4136 | D:6      | Found Gozag's Platinum Reserve.
  4141 | D:6      | Found an opulent altar of Gozag.
  4169 | D:6      | Noticed a steam dragon
  4176 | D:6      | Reached XP level 8. HP: 39/62 MP: 7/7
  4183 | D:6      | HP: 3/62 [steam dragon/ball of steam (19)]
  4184 | D:6      | Slain by a steam dragon

Illustrated notes

Levels and vault maps discovered:
D:1:      erik_arrival_cave_to_civilisation [erik_arrival_cave_to_temple],
          layout_basic, nicolae_titane
D:2:      layout_rooms, basic_ecumenical_altar, basic_altar, bh_walls_and_bars
D:3:      layout_rooms, mainiacjoe_overflow_paths, uniq_robin
D:4:      kennysheep_six_static_rooms, layout_basic, gammafunk_ghost_cemetery
D:5:      layout_basic, minmay_temple_entry_junction
D:6:      layout_rooms, nicolae_gozag_zags_fifth_avenue, old_standard_altar,
          chequers_temple_overflow_statue_of_worship,
          chequers_serial_rivers_room_a

Skill      XL: |  1  2  3  4  5  6  7 |
---------------+----------------------+-----
Ranged Weapons | 5 6 7 8 |  8.0
Dodging        | 3 4 6 |  6.0
Armour         | 2 5 |  5.3
Fighting       | |  2.8
Stealth        | |  0.7

Action                     |  1- 3 |  4- 6 |  7- 9 || total
---------------------------+-------+-------+-------++-------
   Fire: Shortbow          |   120 |   116 |    87 ||   323
  Evoke: Wand              |       |     2 |       ||     2
    Use: Potion            |       |     4 |       ||     4
         Scroll            |       |     1 |     6 ||     7
 Armour: Leather armour    |     7 |     5 |       ||    12
         Scale mail        |       |     6 |    20 ||    26
  Dodge: Dodged            |    27 |    42 |    23 ||    92
  Block: Other             |       |    16 |    26 ||    42
         Reflection        |       |     1 |     3 ||     4
